[ AOE2 MATCH · #506934777 ]
UnrankedHuns vs Huns
Player's team · WIN
Rival team · LOSS
[ REPLAY ANALYSIS · EXTRACTED FROM THE RECORDED GAME ]
Feudal
10:19
Castle
23:00
Imperial
36:44
| APM avg | 74.9 |
| APM peak | 120 |
| eAPM avg | 50.3 |
| Villagers / military | 197 / 122 |
Focus
⚔️ 68.9% · 🌾 31.1%
Skirmisher ×43 · Cavalry Archer ×42 · Archer ×10 · Monk ×8 · Militia ×6 · Spearman ×6
Feudal
8:26
Castle
22:37
Imperial
40:12
| APM avg | 39.4 |
| APM peak | 83 |
| eAPM avg | 16.4 |
| Villagers / military | 144 / 102 |
Focus
⚔️ 30.5% · 🌾 69.5%
Archer ×39 · Cavalry Archer ×38 · Scout Cavalry ×14 · Skirmisher ×6 · Knight ×3 · Mangonel ×2
Match map
Initial resources + every placement click. Lines = walls · curves = elevation contours. ◆ gold · ⬟ stone · ● berries · ✦ relic · ◌ wall gap
Your base· Open — 6t gap
TrCL.MAN1AC's base· Open — 8t gap
Smoothed initial terrain · ◌ = detected wall gap · hover for details
Inputs per minute
— KIV.YourAddHere - - TrCL.MAN1AC
Build order — KIV.YourAddHere
First 150 of 319 actions detected
| 0:00 | Create | Villager (Male) |
| 0:01 | Create | Villager (Male) |
| 0:07 | Create | Villager (Male) ×2 |
| 0:07 | Create | Villager (Male) ×2 |
| 1:19 | Create | Villager (Male) |
| 1:43 | Create | Villager (Male) |
| 2:04 | Create | Villager (Male) |
| 2:24 | Create | Villager (Male) |
| 3:00 | Create | Villager (Male) |
| 3:14 | Build | Barracks |
| 3:37 | Create | Villager (Male) |
| 3:54 | Create | Villager (Male) |
| 4:07 | Create | Villager (Male) |
| 4:07 | Create | Villager (Male) |
| 4:15 | Create | Militia |
| 4:17 | Create | Villager (Male) |
| 4:29 | Create | Villager (Male) |
| 4:29 | Create | Villager (Male) |
| 4:39 | Create | Militia |
| 4:39 | Create | Militia |
| 4:50 | Create | Militia |
| 5:00 | Create | Villager (Male) |
| 5:35 | Create | Villager (Male) |
| 5:35 | Create | Villager (Male) |
| 5:54 | Create | Villager (Male) |
| 6:23 | Create | Villager (Male) |
| 6:45 | Build | Lumber Camp |
| 6:54 | Build | Mill |
| 7:07 | Create | Villager (Male) |
| 7:15 | Build | Mining Camp |
| 7:20 | Create | Villager (Male) |
| 8:09 | Research | Feudal Age |
| 8:27 | Build | Mill |
| 8:38 | Research | Loom |
| 8:42 | Create | Militia ×2 |
| 8:49 | Create | Villager (Male) |
| 9:16 | Build | Palisade Wall |
| 9:34 | Research | Loom |
| 9:43 | Build | Palisade Wall |
| 9:44 | Build | Palisade Wall |
| 10:01 | Research | Loom |
| 10:19 | Age | Feudal Age |
| 10:20 | Research | Man-at-Arms (upgrade) |
| 10:30 | Create | Spearman |
| 10:43 | Create | Villager (Male) |
| 10:44 | Create | Spearman |
| 10:45 | Create | Villager (Male) ×4 |
| 10:49 | Build | Palisade Wall |
| 10:49 | Build | Palisade Wall |
| 10:54 | Build | Palisade Wall |
| 11:02 | Create | Spearman |
| 11:04 | Build | Archery Range |
| 11:11 | Create | Villager (Male) |
| 11:15 | Research | Double-Bit Axe |
| 11:18 | Research | Horse Collar |
| 11:22 | Create | Villager (Male) |
| 11:38 | Create | Spearman |
| 11:46 | Build | Palisade Wall |
| 11:47 | Build | Palisade Wall |
| 11:50 | Build | Palisade Wall |
| 11:55 | Build | Palisade Wall |
| 11:56 | Build | Palisade Wall |
| 11:58 | Create | Archer ×2 |
| 11:58 | Create | Archer ×2 |
| 11:59 | Create | Villager (Male) ×4 |
| 12:24 | Create | Villager (Male) ×3 |
| 12:26 | Build | Blacksmith |
| 12:48 | Build | Palisade Wall |
| 12:55 | Build | Palisade Wall |
| 12:56 | Build | Palisade Wall |
| 12:57 | Build | Palisade Wall |
| 12:58 | Build | Palisade Wall |
| 13:22 | Research | Fletching |
| 13:23 | Create | Villager (Male) |
| 13:28 | Create | Archer |
| 13:33 | Build | Palisade Wall |
| 13:39 | Build | Palisade Wall |
| 13:39 | Build | Palisade Wall |
| 13:42 | Build | Farm |
| 13:43 | Build | Farm |
| 13:44 | Build | Farm |
| 13:46 | Build | Farm |
| 13:52 | Create | Archer |
| 14:27 | Create | Villager (Male) |
| 14:28 | Build | Farm |
| 14:29 | Build | Farm |
| 14:37 | Create | Villager (Male) |
| 14:41 | Create | Archer |
| 14:50 | Build | Farm |
| 15:15 | Create | Skirmisher |
| 15:44 | Create | Villager (Male) |
| 15:45 | Create | Archer |
| 15:46 | Create | Villager (Male) |
| 15:48 | Build | Farm |
| 15:49 | Build | Farm |
| 16:08 | Build | Archery Range |
| 16:10 | Create | Skirmisher |
| 16:16 | Build | Farm |
| 16:21 | Create | Villager (Male) |
| 16:32 | Build | Farm |
| 16:36 | Create | Spearman |
| 16:41 | Create | Skirmisher |
| 16:56 | Build | Lumber Camp |
| 17:03 | Create | Skirmisher |
| 17:07 | Create | Villager (Male) |
| 17:16 | Create | Villager (Male) |
| 17:32 | Build | Palisade Wall |
| 17:52 | Create | Villager (Male) |
| 17:55 | Research | Wheelbarrow |
| 17:55 | Research | Town Watch |
| 17:59 | Build | Market |
| 18:12 | Research | Padded Archer Armor |
| 18:15 | Create | Skirmisher |
| 18:15 | Create | Skirmisher |
| 18:31 | Build | Palisade Wall |
| 18:36 | Create | Skirmisher |
| 18:37 | Create | Archer |
| 18:38 | Create | Villager (Male) ×5 |
| 19:01 | Create | Skirmisher |
| 19:02 | Create | Archer |
| 19:02 | Create | Villager (Male) ×3 |
| 19:13 | Create | Spearman |
| 19:43 | Create | Villager (Male) |
| 19:54 | Build | Farm |
| 19:55 | Build | Farm |
| 19:56 | Build | Farm |
| 19:57 | Build | Farm |
| 19:58 | Build | Farm |
| 20:01 | Build | Farm |
| 20:02 | Build | Farm |
| 20:20 | Research | Castle Age |
| 20:23 | Build | Stable |
| 20:29 | Research | Gold Mining |
| 21:20 | Create | Skirmisher |
| 21:48 | Create | Scout Cavalry |
| 22:24 | Create | Skirmisher |
| 22:25 | Create | Skirmisher |
| 22:43 | Create | Skirmisher |
| 22:43 | Create | Skirmisher |
| 22:48 | Build | Archery Range |
| 22:50 | Research | Bloodlines |
| 23:00 | Age | Castle Age |
| 23:03 | Create | Cavalry Archer ×5 |
| 23:07 | Research | Elite Skirmisher (upgrade) |
| 23:12 | Research | Bodkin Arrow |
| 23:12 | Research | Bodkin Arrow |
| 23:14 | Research | Bow Saw |
| 23:17 | Build | Town Center |
| 23:25 | Create | Cavalry Archer |
| 23:42 | Create | Cavalry Archer |
Build order — TrCL.MAN1AC
First 150 of 351 actions detected
| 0:01 | Create | Villager (Male) |
| 0:17 | Create | Villager (Male) |
| 0:43 | Create | Villager (Male) |
| 1:07 | Create | Villager (Male) |
| 1:19 | Build | Lumber Camp |
| 1:24 | Create | Villager (Male) |
| 1:54 | Create | Villager (Male) |
| 2:28 | Create | Villager (Male) |
| 2:48 | Create | Villager (Male) |
| 3:09 | Create | Villager (Male) |
| 3:09 | Create | Villager (Male) |
| 4:09 | Create | Villager (Male) |
| 4:09 | Create | Villager (Male) |
| 4:10 | Create | Villager (Male) |
| 4:29 | Build | Mill |
| 4:49 | Create | Villager (Male) |
| 4:50 | Research | Loom |
| 6:14 | Research | Feudal Age |
| 7:16 | Build | Barracks |
| 7:39 | Create | Villager (Male) |
| 7:46 | Build | Palisade Wall |
| 7:48 | Build | Palisade Wall |
| 7:50 | Build | Palisade Wall |
| 8:26 | Age | Feudal Age |
| 8:30 | Build | Stable |
| 8:41 | Create | Villager (Male) |
| 8:54 | Research | Double-Bit Axe |
| 9:09 | Create | Villager (Male) |
| 9:12 | Create | Scout Cavalry |
| 9:12 | Create | Scout Cavalry |
| 9:48 | Create | Villager (Male) |
| 9:51 | Create | Villager (Male) |
| 10:11 | Create | Scout Cavalry |
| 10:12 | Create | Villager (Male) |
| 10:47 | Create | Villager (Male) |
| 10:57 | Research | Horse Collar |
| 11:20 | Create | Villager (Male) |
| 11:22 | Build | Farm |
| 11:24 | Build | Farm |
| 11:27 | Build | Farm |
| 11:31 | Build | Farm |
| 11:39 | Build | Farm |
| 12:01 | Create | Villager (Male) |
| 12:05 | Build | Farm |
| 12:07 | Build | Farm |
| 12:23 | Build | Archery Range |
| 12:26 | Build | Mining Camp |
| 12:27 | Create | Villager (Male) |
| 12:32 | Build | Farm |
| 12:44 | Build | Farm |
| 12:47 | Build | Farm |
| 12:54 | Create | Villager (Male) |
| 13:10 | Create | Villager (Male) |
| 13:27 | Build | Blacksmith |
| 13:29 | Create | Villager (Male) |
| 13:36 | Build | Palisade Wall |
| 13:37 | Build | Palisade Wall |
| 13:38 | Build | Palisade Wall |
| 13:44 | Create | Villager (Male) |
| 13:50 | Build | Farm |
| 13:54 | Build | Farm |
| 13:59 | Create | Skirmisher |
| 14:05 | Create | Skirmisher |
| 14:05 | Create | Villager (Male) |
| 14:22 | Research | Fletching |
| 14:26 | Create | Skirmisher |
| 14:34 | Build | Archery Range |
| 14:40 | Create | Skirmisher |
| 15:17 | Create | Villager (Male) |
| 15:17 | Create | Villager (Male) |
| 15:43 | Create | Villager (Male) |
| 15:43 | Create | Villager (Male) |
| 15:46 | Create | Skirmisher |
| 15:46 | Create | Skirmisher |
| 16:00 | Create | Villager (Male) |
| 16:05 | Create | Archer |
| 16:05 | Create | Archer |
| 16:28 | Create | Scout Cavalry |
| 16:41 | Create | Villager (Male) |
| 16:46 | Build | Farm |
| 16:47 | Build | Farm |
| 16:49 | Build | Farm |
| 16:52 | Build | Farm |
| 17:13 | Create | Scout Cavalry |
| 17:16 | Create | Archer |
| 17:16 | Create | Archer |
| 17:29 | Create | Villager (Male) |
| 17:55 | Create | Villager (Male) |
| 17:59 | Create | Archer |
| 17:59 | Create | Archer |
| 18:09 | Research | Padded Archer Armor |
| 18:38 | Create | Villager (Male) |
| 18:42 | Create | Archer |
| 18:42 | Create | Archer |
| 19:07 | Create | Villager (Male) |
| 19:07 | Create | Villager (Male) |
| 19:52 | Research | Castle Age |
| 19:56 | Create | Archer |
| 19:56 | Create | Archer |
| 20:14 | Build | Archery Range |
| 20:17 | Research | Gold Mining |
| 20:21 | Create | Villager (Male) |
| 20:48 | Create | Archer |
| 20:48 | Create | Archer |
| 20:49 | Create | Villager (Male) |
| 20:56 | Create | Scout Cavalry |
| 21:00 | Create | Villager (Male) |
| 21:12 | Create | Archer |
| 21:12 | Create | Archer |
| 21:32 | Create | Archer |
| 21:33 | Create | Archer |
| 21:33 | Create | Archer |
| 22:21 | Create | Scout Cavalry |
| 22:27 | Create | Archer |
| 22:27 | Create | Archer |
| 22:28 | Create | Villager (Male) |
| 22:37 | Age | Castle Age |
| 22:41 | Research | Bodkin Arrow |
| 22:42 | Research | Crossbowman (upgrade) |
| 22:46 | Build | Town Center |
| 22:58 | Create | Archer |
| 22:58 | Create | Archer |
| 22:59 | Create | Villager (Male) |
| 23:19 | Research | Bow Saw |
| 23:20 | Create | Villager (Male) |
| 23:29 | Create | Archer |
| 23:29 | Create | Archer |
| 23:29 | Create | Archer |
| 23:30 | Create | Villager (Male) |
| 23:46 | Create | Villager (Male) |
| 23:49 | Create | Archer |
| 23:49 | Create | Archer |
| 24:07 | Create | Villager (Male) |
| 24:08 | Create | Villager (Male) |
| 24:09 | Create | Villager (Male) |
| 24:30 | Create | Archer ×3 |
| 24:33 | Build | Farm |
| 24:55 | Create | Knight |
| 24:55 | Create | Knight |
| 25:12 | Research | Scale Barding Armor |
| 25:15 | Create | Archer |
| 25:20 | Create | Villager (Male) |
| 25:24 | Build | Farm |
| 25:39 | Create | Villager (Male) |
| 25:48 | Create | Villager (Male) |
| 25:50 | Create | Archer |
| 25:51 | Create | Archer |
| 25:54 | Create | Knight |
| 26:17 | Create | Villager (Male) |
| 26:19 | Create | Archer ×4 |
Match timeline
| 3:14 | KIV.YourAddHere · first_building Barracks |
| 7:16 | TrCL.MAN1AC · first_building Barracks |
| 7:46 | TrCL.MAN1AC · wall_segment Palisade Wall x1 |
| 7:48 | TrCL.MAN1AC · wall_segment Palisade Wall x1 |
| 7:50 | TrCL.MAN1AC · wall_segment Palisade Wall x1 |
| 8:26 | TrCL.MAN1AC · age_up feudal |
| 8:30 | TrCL.MAN1AC · first_building Stable |
| 9:16 | KIV.YourAddHere · wall_segment Palisade Wall x1 |
| 9:43 | KIV.YourAddHere · wall_segment Palisade Wall x1 |
| 9:44 | KIV.YourAddHere · wall_segment Palisade Wall x1 |
| 10:19 | KIV.YourAddHere · age_up feudal |
| 10:49 | KIV.YourAddHere · wall_segment Palisade Wall x1 |
| 10:49 | KIV.YourAddHere · wall_segment Palisade Wall x1 |
| 10:54 | KIV.YourAddHere · wall_segment Palisade Wall x1 |
| 11:04 | KIV.YourAddHere · first_building Archery Range |
| 11:46 | KIV.YourAddHere · wall_segment Palisade Wall x1 |
| 11:47 | KIV.YourAddHere · wall_segment Palisade Wall x1 |
| 11:50 | KIV.YourAddHere · wall_segment Palisade Wall x1 |
| 11:55 | KIV.YourAddHere · wall_segment Palisade Wall x1 |
| 11:56 | KIV.YourAddHere · wall_segment Palisade Wall x1 |
| 12:23 | TrCL.MAN1AC · first_building Archery Range |
| 12:48 | KIV.YourAddHere · wall_segment Palisade Wall x6 |
| 12:55 | KIV.YourAddHere · wall_segment Palisade Wall x1 |
| 12:56 | KIV.YourAddHere · wall_segment Palisade Wall x1 |
| 12:57 | KIV.YourAddHere · wall_segment Palisade Wall x1 |
| 12:58 | KIV.YourAddHere · wall_segment Palisade Wall x1 |
| 13:33 | KIV.YourAddHere · wall_segment Palisade Wall x1 |
| 13:36 | TrCL.MAN1AC · wall_segment Palisade Wall x1 |
| 13:37 | TrCL.MAN1AC · wall_segment Palisade Wall x1 |
| 13:38 | TrCL.MAN1AC · wall_segment Palisade Wall x1 |
| 13:39 | KIV.YourAddHere · wall_segment Palisade Wall x1 |
| 13:39 | KIV.YourAddHere · wall_segment Palisade Wall x1 |
| 17:32 | KIV.YourAddHere · wall_segment Palisade Wall x1 |
| 18:31 | KIV.YourAddHere · wall_segment Palisade Wall x1 |
| 19:48 | KIV.YourAddHere · first_market_buy 100 food |
| 20:19 | KIV.YourAddHere · first_market_sell 100 wood |
| 20:23 | KIV.YourAddHere · first_building Stable |
| 22:37 | TrCL.MAN1AC · age_up castle |
| 23:00 | KIV.YourAddHere · age_up castle |
| 27:07 | KIV.YourAddHere · first_building Monastery |
| 29:08 | KIV.YourAddHere · first_building Siege Workshop |
| 29:57 | TrCL.MAN1AC · first_building Siege Workshop |
| 36:27 | KIV.YourAddHere · first_building Castle |
| 36:44 | KIV.YourAddHere · age_up imperial |
| 40:12 | TrCL.MAN1AC · age_up imperial |
| 42:05 | TrCL.MAN1AC · resign |
[ AI ANALYSIS · 1 CREDIT ]
What really happened in this match?
Wolo.gg analyzes every decision: build order, eco, micro, common mistakes by bracket. Personalized analysis on WhatsApp or Discord in 30 seconds.
Civ guide
Huns
Perfil
Jugador #389780